 Dungeon Crawl Stone Soup version 0.30-a0-283-gf371ce1921 (webtiles) character file.

Game seed: 5050418886068224791

98 Ijustatesigmund the Shield-Bearer (level 4, -1/41 HPs)
             Began as a Gnoll Fighter on Oct 17, 2022.
             Killed by nerve-wracking pain
             ... invoked by Grinder
              (11 damage)
             ... on level 3 of the Dungeon.
             The game lasted 00:01:54 (1347 turns).

Ijustatesigmund the Shield-Bearer (Gnoll Fighter)   Turns: 1347, Time: 00:01:55

Health: -1/41      AC:  7    Str: 18    XL:     4   Next: 69%
Magic:  5/5        EV:  9    Int:  7    God:
Gold:   81         SH:  6    Dex: 11    Spells: 5/5 levels left

rFire   . . .      SeeInvis .    a - +0 war axe
rCold   . . .      Faith    .    c - +1 buckler
rNeg    . . .      Spirit   .    b - +0 scale mail
rPois   .          Reflect  .    (no helmet)
rElec   .          Harm     .    (no cloak)
rCorr   .          Rampage  .    (no gloves)
Will    .....                    (no boots)
Stlth   ..........               (no amulet)
HPRegen 0.26/turn                (no ring)
MPRegen 0.09/turn                (no ring)

@: mighty
A: fangs 1, strong nose, distributed training
a: no special abilities


You were on level 3 of the Dungeon.
You visited 1 branch of the dungeon, and saw 3 of its levels.

You collected 81 gold pieces.

Inventory:

Hand Weapons
 a - a +0 war axe (weapon)
Armour
 b - a +0 scale mail (worn)
 c - a +1 buckler (worn)
Jewellery
 h - a ring of protection from cold
Scrolls
 e - a scroll of teleportation {unknown}
 l - a scroll of torment {unknown}
 n - a scroll of identify
 o - a scroll of silence {unknown}
Potions
 f - 2 potions of heal wounds
 g - a potion of ambrosia {unknown}
 i - a potion of magic {unknown}
 j - 2 potions of degeneration {unknown}
 k - a potion of haste {unknown}
 m - a potion of attraction {unknown}


   Skills:
 + Level 6.6 Fighting
 + Level 1.2 Short Blades
 + Level 1.2 Long Blades
 + Level 4.7 Axes
 + Level 1.2 Maces & Flails
 + Level 1.2 Polearms
 + Level 1.2 Staves
 + Level 1.2 Ranged Weapons
 + Level 1.2 Throwing
 + Level 6.6 Armour
 + Level 1.2 Dodging
 + Level 1.2 Stealth
 + Level 6.6 Shields
 + Level 1.2 Unarmed Combat
 + Level 1.2 Spellcasting
 + Level 1.0 Conjurations
 + Level 1.0 Hexes
 + Level 1.0 Summonings
 + Level 1.0 Necromancy
 + Level 1.0 Translocations
 + Level 1.0 Transmutations
 + Level 1.0 Fire Magic
 + Level 1.0 Ice Magic
 + Level 1.0 Air Magic
 + Level 1.0 Earth Magic
 + Level 1.0 Poison Magic
 + Level 1.4 Invocations
 + Level 1.2 Evocations


You had 5 spell levels left.
You didn't know any spells.
Your spell library was empty.

Dungeon Overview and Level Annotations

Branches:
Dungeon (3/15)

Altars:

Annotations:
D:3 Grinder


Innate Abilities, Weirdness & Mutations

You have very sharp teeth.
Your uncanny sense of smell can sniff out nearby items.
Your experience applies equally to all skills.


Message History

Grinder barely misses you.
An endoplasm comes into view.
The kobold hits you but does no damage. Grinder hits you!
You writhe in agony.
The endoplasm quivers.
The kobold hits you but does no damage. Grinder hits you but does no damage.
You can move again.
Unknown command.
You feel much better. The kobold completely misses you.
Grinder blinks!
You block the frilled lizard's attack. The kobold hits you but does no damage.
The endoplasm barely misses you. The frilled lizard barely misses you.
You barely miss the endoplasm. You barely miss the kobold.
You hit the frilled lizard.
You kill the frilled lizard!
You slash Grinder! The endoplasm freezes you.
You are frozen.
The kobold hits you but does no damage. Grinder gestures at you.
You resist with significant effort.
You closely miss Grinder. You bite Grinder, but do no damage.
Grinder is moderately wounded.
You hit the endoplasm. You slash the kobold!
You kill the kobold!
The endoplasm freezes you.
You are frozen.
Grinder hits you!
You writhe in agony.
You slash Grinder!
Grinder is heavily wounded.
You slash the endoplasm!
You kill the endoplasm!
Grinder hits you.
You slice Grinder!!
Grinder is almost dead.
You hit the endoplasm. Grinder hits you.
You writhe in agony.
The endoplasm freezes you.
You are frozen.
* * * LOW HITPOINT WARNING * * *
The endoplasm closely misses you. Grinder gestures at you.
Pain shoots through your body!
You die...

. ####### #####
..#.!...##....$
.......<.......
...............
......†@)......
[.....5.J......
....>..........
...............
...?...........
...............
..#.....##.....
..##.##.# #####


You could see Grinder and an endoplasm.

Vanquished Creatures
  5 adders (D:2)
  A dart slug (D:2)
  3 orcs (D:2)
  4 endoplasms
  A giant cockroach (D:1)
  4 goblins
  3 hobgoblins
  7 jackals
  2 quokkas
  4 ball pythons
  2 bats (D:2)
  2 frilled lizards
  3 kobolds
  6 rats (D:2)
47 creatures vanquished.

Vanquished Creatures (others)
  6 demonic plants (D:2)
  5 fungi (D:2)
  2 plants
13 creatures vanquished.

Grand Total: 60 creatures vanquished

Notes
Turn   | Place    | Note
-------+----------+-------------------------------------------
     0 | D:1      | Ijustatesigmund the Gnoll Fighter began the quest for the
                  | Orb.
     0 | D:1      | Reached XP level 1. HP: 23/23 MP: 1/1
   122 | D:1      | Reached XP level 2. HP: 26/29 MP: 2/2
   518 | D:2      | Reached XP level 3. HP: 35/35 MP: 3/3
   595 | D:2      | Reached skill level 1 in Invocations
   632 | D:2      | Reached skill level 1 in Short Blades
   632 | D:2      | Reached skill level 1 in Long Blades
   632 | D:2      | Reached skill level 1 in Maces & Flails
   632 | D:2      | Reached skill level 1 in Polearms
   632 | D:2      | Reached skill level 1 in Staves
   632 | D:2      | Reached skill level 1 in Ranged Weapons
   632 | D:2      | Reached skill level 1 in Throwing
   632 | D:2      | Reached skill level 1 in Dodging
   632 | D:2      | Reached skill level 1 in Stealth
   632 | D:2      | Reached skill level 1 in Unarmed Combat
   632 | D:2      | Reached skill level 1 in Spellcasting
   632 | D:2      | Reached skill level 1 in Evocations
   797 | D:2      | Reached XP level 4. HP: 41/41 MP: 5/5
  1019 | D:2      | Found a faded altar of an unknown god.
  1044 | D:2      | Reached skill level 1 in Conjurations
  1044 | D:2      | Reached skill level 1 in Hexes
  1044 | D:2      | Reached skill level 1 in Summonings
  1044 | D:2      | Reached skill level 1 in Necromancy
  1044 | D:2      | Reached skill level 1 in Translocations
  1044 | D:2      | Reached skill level 1 in Transmutations
  1044 | D:2      | Reached skill level 1 in Fire Magic
  1044 | D:2      | Reached skill level 1 in Ice Magic
  1044 | D:2      | Reached skill level 1 in Air Magic
  1044 | D:2      | Reached skill level 1 in Earth Magic
  1044 | D:2      | Reached skill level 1 in Poison Magic
  1335 | D:3      | Noticed Grinder
  1337 | D:3      | Paralysed by Grinder for 5 turns
  1347 | D:3      | Killed from afar by Grinder

Illustrated notes

Levels and vault maps discovered:
D:1:      ebering_hopf_link, layout_rooms, st_stairs_5, serial_park_tiny_pond,
          grunt_decor_one_mirror
D:2:      layout_loops_ring, shapermc_ecumenical_altar_gd,
          kennysheep_generic_room_9
D:3:      layout_rooms, serial_shops, shop, minmay_misc_feat_columns,
          serial_bayou_pond_a, uniq_grinder

Skill      XL: |  1  2  3  4 |
---------------+-------------+-----
Invocations    | 1 |  1.4
Short Blades   | 1 |  1.2
Long Blades    | 1 |  1.2
Maces & Flails | 1 |  1.2
Polearms       | 1 |  1.2
Staves         | 1 |  1.2
Ranged Weapons | 1 |  1.2
Throwing       | 1 |  1.2
Dodging        | 1 |  1.2
Stealth        | 1 |  1.2
Unarmed Combat | 1 |  1.2
Spellcasting   | 1 |  1.2
Evocations     | 1 |  1.2
Conjurations   | 1 |  1.0
Hexes          | 1 |  1.0
Summonings     | 1 |  1.0
Necromancy     | 1 |  1.0
Translocations | 1 |  1.0
Transmutations | 1 |  1.0
Fire Magic     | 1 |  1.0
Ice Magic      | 1 |  1.0
Air Magic      | 1 |  1.0
Earth Magic    | 1 |  1.0
Poison Magic   | 1 |  1.0
Fighting       | |  6.6
Axes           | |  4.7
Armour         | |  6.6
Shields        | |  6.6

Action                   |  1- 3 |  4- 6 || total
-------------------------+-------+-------++-------
Melee: War axe           |    82 |    53 ||   135
       Bite              |     9 |     8 ||    17
  Use: Scroll            |     2 |       ||     2
       Potion            |       |     2 ||     2
Armor: Scale mail        |    48 |    24 ||    72
Dodge: Dodged            |    44 |    17 ||    61
Block: Buckler           |    24 |     8 ||    32

Table legend: (Time is in decaauts)
 A = Elapsed time spent in this place.
 B = Non-inter-level travel time spent in this place.
 C = Inter-level travel time spent in this place.
 D = Time resting spent in this place.
 E = Time spent auto-exploring this place.
 F = Levels seen in this place.
 G = Mean time per level.
                   A        B        C        D        E       F      G
               +--------+--------+--------+--------+--------+-----+--------+
         Total |   1388 |   1337 |     51 |      0 |   1010 |   3 |  462.7 |
       Dungeon |   1388 |   1337 |     51 |      0 |   1010 |   3 |  462.7 |
               +--------+--------+--------+--------+--------+-----+--------+

Top non-repeatable levels by time:
     D:2: 882 daAuts
     D:1: 493 daAuts
     D:3: 12 daAuts
